 Dungeon Crawl Stone Soup version 0.21.1-72-gffa868e (webtiles) character file.

221 Ceann the Chiller (level 5, 0/46 HPs)
             Began as an Octopode Ice Elementalist on Aug 3, 2018.
             Slain by a sky beast (6 damage)
             ... on level 3 of the Dungeon.
             The game lasted 00:09:53 (3105 turns).

Ceann the Chiller (Octopode Ice Elementalist)       Turns: 3105, Time: 00:09:53

Health: 0/46       AC: 22    Str:  7    XL:     5   Next: 98%
Magic:  7/11       EV:  2    Int: 18    God:
Gold:   180        SH:  0    Dex: 13    Spells: 8/12 levels left

rFire    . . .     SeeInvis .   (no weapon)
rCold    . . .     Gourm    .   (no shield)
rNeg     + + +     Faith    .   (helmet currently unavailable)
rPois    +         Spirit   .   (no amulet)
rElec    .         Reflect  .   e - ring of wizardry
rCorr    .         Harm     .   (no ring)
MR       .....     NoTele   +   (no ring)
Stlth    ++........             (no ring)
HPRegen  0.15/turn              (no ring)
MPRegen  0.12/turn              (no ring)
                                (no ring)
                                (no ring)

@: tree-form
A: almost no armour, stealthy swim, (amphibious), 8 rings, (constrict 8)
a: no special abilities


You were on level 3 of the Dungeon.
You were near starving.
You were a tree.
You visited 1 branch of the dungeon, and saw 4 of its levels.

You collected 180 gold pieces.

Inventory:

Jewellery
 e - a ring of wizardry (left branch)
 f - a +3 amulet of reflection {unknown}
 p - an uncursed amulet of faith {unknown}
Scrolls
 d - 4 scrolls of identify
 g - 2 scrolls of fear {unknown}
 h - 2 scrolls of blinking {unknown}
 k - a scroll of enchant armour {unknown}
 l - a scroll of enchant weapon {unknown}
 o - a scroll of remove curse {unknown}
 q - a scroll of immolation {unknown}
Potions
 c - 4 potions of curing
 i - 2 potions of heal wounds
 j - a potion of lignification
 m - a potion of resistance
 n - a potion of flight
Books
 a - a book of Frost

   Spells                             Type                      Level
   a - Freeze                         Ice                          1
   b - Throw Frost                    Conjuration/Ice              2
   c - Ozocubu's Armour               Charms/Ice                   3
   d - Throw Icicle                   Conjuration/Ice              4
   e - Summon Ice Beast               Ice/Summoning                4
Comestibles
 b - 7 rations


   Skills:
 + Level 0.1 Fighting
 + Level 2.2 Dodging
 + Level 3.4 Stealth
 + Level 4.0 Spellcasting
   Level 1.0 Conjurations
 * Level 1.0 Charms
 + Level 4.5 Ice Magic


You had 8 spell levels left.
You knew the following spells:

 Your Spells              Type           Power        Failure   Level  Hunger
a - Freeze                Ice            ###.         1%          1    None
b - Ozocubu's Armour      Chrm/Ice       ##......     6%          3    ###....


Dungeon Overview and Level Annotations

Branches:
Dungeon (4/15)
 Temple: D:4-7

Altars:
Zin


Innate Abilities, Weirdness & Mutations

You cannot wear most types of armour.
You are very stealthy in the water. (Stealth+)
((You are amphibious.))
You can wear up to eight rings at the same time.
((You can use your tentacles to constrict eight enemies at once.))
((Your skin changes colour to match your surroundings (Stealth+).))
((Your rubbery body absorbs attacks. (AC +1, EV +1)))


Message History

The sky beast is heavily wounded.
The sky beast hits you but does no damage.
Casting: Freeze
Confirm with . or Enter, or press ? or * to list all spells.
Aiming: Freeze
Press: ? - help, Shift-Dir - straight line, f/p - sky beast
Aim: a sky beast (heavily wounded)
You freeze the sky beast.
The sky beast is severely wounded.
The sky beast flickers out of sight!
Deactivating autopickup; reactivate with Ctrl-A.
Something hits you but does no damage.
Casting: Freeze
Confirm with . or Enter, or press ? or * to list all spells.
Aiming: Freeze
Press: ? - help, Shift-Dir - straight line You freeze something.
Something hits you.
* * * LOW HITPOINT WARNING * * *
Something shocks you.
You die...

#.#.# #.... ####....
#....... #.....<.
#....... ####....
########## ##...
#..♣.....# #.##
#...{....########.##
#...................
#........###..##....
#........###.###....
######..............
#..............
#..............
#..........####


There were no monsters in sight!

Vanquished Creatures
  Terence (D:3)
  Natasha (twice) (D:3)
  7 adders
  An ooze (D:2)
  3 worms
  3 dart slugs (D:1)
  A leopard gecko (D:1)
  2 orcs (D:3)
  5 giant cockroaches
  6 goblins
  10 hobgoblins
  5 kobolds
  8 bats
  4 frilled lizards (D:1)
  9 rats
67 creatures vanquished.

Notes
Turn   | Place    | Note
-------+----------+-------------------------------------------
     0 | D:1      | Ceann the Octopode Ice Elementalist began the quest for the Orb.
     0 | D:1      | Reached XP level 1. HP: 11/11 MP: 3/3
   323 | D:1      | Reached XP level 2. HP: 10/17 MP: 0/5
   736 | D:1      | Reached XP level 3. HP: 17/21 MP: 1/6
  1136 | D:2      | Learned a level 3 spell: Ozocubu's Armour
  1195 | D:2      | Reached XP level 4. HP: 13/27 MP: 1/8
  1610 | D:2      | Found a glowing silver altar of Zin.
  1828 | D:3      | Reached XP level 5. HP: 10/31 MP: 0/10
  1856 | D:2      | HP: 1/31 [poisoned by an adder]
  2169 | D:3      | Noticed Terence
  2425 | D:3      | Noticed Natasha
  2438 | D:3      | Killed Natasha
  2469 | D:3      | Killed Terence
  2664 | D:3      | Noticed Natasha
  2679 | D:3      | Killed Natasha
  2946 | D:4      | Reached skill level 1 in Charms
  2958 | D:4      | Noticed a phantom
  3002 | D:4      | Noticed a sky beast
  3105 | D:3      | Slain by a sky beast

Skill      XL: |  1  2  3  4  5 |
---------------+----------------+-----
Spellcasting   | 3 4 |  4.0
Ice Magic      | 4 |  4.5
Stealth        | 3 |  3.4
Charms         | 1 |  1.0
Fighting       | |  0.1
Dodging        | |  2.2
Conjurations   | |  1.0

Action                   |  1- 3 |  4- 6 || total
-------------------------+-------+-------++-------
Melee: Unarmed           |    12 |    10 ||    22
       Constrict         |     5 |     7 ||    12
       Tentacles         |     2 |     2 ||     4
 Cast: Freeze            |    47 |    81 ||   128
  Use: Scroll            |       |     5 ||     5
       Potion            |       |     1 ||     1
 Stab: Sleeping          |     1 |     4 ||     5
  Eat: Chunk             |     1 |     4 ||     5
Armor: Skin              |     9 |     7 ||    16
Dodge: Dodged            |    38 |    45 ||    83
